 Dungeon Crawl Stone Soup version 0.19.4-9-g45fd643 (webtiles) character file.

422 equalderp2856 the Gouger (level 6, -1/28 HPs)
             Began as a Felid Fighter on Feb 15, 2017.
             Slain by an orc warrior
             ... wielding a cursed -3 war axe
              (14 damage)
             ... on level 6 of the Dungeon.
             The game lasted 00:28:44 (11635 turns).

equalderp2856 the Gouger (Felid Fighter)           Turns: 11635, Time: 00:28:45

Health: -1/28      AC:  2    Str: 13    XL:     6   Next: 63%
Magic:  7/7        EV: 22    Int: 10    God:
Gold:   324        SH:  0    Dex: 16    Spells: 0 memorised, 5 levels left
                                        Lives:  0   Deaths: 2

rFire  . . .     SeeInvis +       - Unarmed
rCold  . . .     Gourm    .     (armour unavailable)
rNeg   . . .     Faith    .     (shield unavailable)
rPois  .         Spirit   .     (helmet unavailable)
rElec  .         Reflect  .     (cloak unavailable)
rCorr  .         Harm     .     (gloves unavailable)
MR     .....                    (boots unavailable)
Stlth  ++++......               (no amulet)
                                (no ring)
                                (no ring)

@: quick
A: no armour, no weapons or thrown items, stealth, claws 1, fangs 3, see
invisible, carnivore 3, speed 1, shaggy fur 2, slow metabolism 1, sharp paws
a: no special abilities


You were on level 6 of the Dungeon.
You were not hungry.

You visited 1 branch of the dungeon, and saw 6 of its levels.

You collected 324 gold pieces.

Inventory:

Missiles
 h - 53 arrows
 l - 17 poisoned needles
Armour
 r - a +1 naga barding
 A - a cursed -2 robe
Jewellery
 k - an uncursed ring of wizardry {unknown}
 s - an uncursed amulet of rage {unknown}
 v - an uncursed ring of poison resistance {unknown}
Wands
 z - a wand of iceblast (7/15)
Scrolls
 d - 2 scrolls of enchant armour
 f - 3 scrolls of remove curse
 i - 2 scrolls of identify
 j - 2 scrolls of noise
 n - a scroll of teleportation
 t - a scroll of recharging
 y - a scroll of fear {unknown}
Potions
 a - 3 potions of might
 e - 3 potions of degeneration
 m - a potion of heal wounds
 p - a potion of brilliance
 q - a potion of lignification
 u - 3 potions of berserk rage
 x - a potion of resistance {unknown}
Comestibles
 b - 8 meat rations
 c - a slice of pizza
 g - 4 bread rations
 o - 2 royal jellies
 w - a beef jerky


   Skills:
 + Level 3.9 Fighting
 + Level 6.8 Dodging
 + Level 6.7 Stealth
 + Level 8.6 Unarmed Combat


You had 5 spell levels left.
You didn't know any spells.

Dungeon Overview and Level Annotations

Branches:
Dungeon (6/15)             Temple (0/1) D:5

Altars:
Ashenzari
Cheibriados
Qazlal
Vehumet
Zin
The Shining One

Shops:
D:5 =

Portals:
Ossuary: D:6


Innate Abilities, Weirdness & Mutations

You cannot wear armour.
You are incapable of wielding weapons or throwing items.
Your paws allow you to move quietly. (Stealth)
You have sharp claws.
You have razor-sharp teeth.
You have supernaturally acute eyesight. (SInv)
You are carnivorous and can eat meat at any time.
You cover ground quickly.
You are covered in thick fur. (AC +2)
You have a slow metabolism.
Your sharp claws are effective at attacking unaware monsters.


Message History

You kill the orc!
The orc shouts!
You scratch the orc priest.
The orc priest is moderately wounded.
You hear the rapid hiss of an avalanche of sand.
The orc priest misses you.
You claw the orc priest!
The orc priest is severely wounded.
You scratch the orc warrior.
The orc warrior is lightly wounded.
You scratch the orc warrior.
You bite the orc warrior, but do no damage.
The orc warrior is moderately wounded.
The orc warrior hits you with an enchanted war axe!
Ouch! That really hurt!
You claw the orc warrior!
The orc warrior is severely wounded.
The orc warrior hits you with an enchanted war axe!
Ouch! That really hurt!
You die...

#.. ..... ... .. ...###. .... #.#
#<... ... #.. ### #..## ... ###
#.####.########...#### #.#
....#..).................#####.#
###.........................##.##
#................l.......##>....#
..#####.########@#############...
####.# #o# #######.. ####....#
###o### #........ ........#
##..o..## #....#### ###.#####
#8..∩..8# #....# #.# ##.....##
#...## ..# #############...# ####
#......#..>.....#
######.............#


You could see an orc warrior, an orc priest, an orc and a leopard gecko.

Vanquished Creatures
  Grinder (D:4)
  An ice beast (D:3)
  A phantom (D:4)
  An ogre (D:5)
  A centaur (D:5)
  2 wights (D:5)
  2 crimson imps (D:5)
  A jelly (D:3)
  2 orc priests
  2 orc wizards (D:5)
  2 hounds (D:5)
  4 iguanas
  Ijyb (D:2)
  2 worker ants
  8 gnolls
  A howler monkey skeleton (D:4)
  5 adders
  2 shadow imps (D:5)
  An ooze (D:1)
  2 adder skeletons
  3 worms (D:4)
  3 dart slugs (D:3)
  3 leopard geckos
  8 orcs
  2 ball pythons
  6 giant cockroaches
  8 goblins
  8 hobgoblins
  5 jackals
  7 kobolds
  2 quokkas (D:3)
  7 bats
  12 frilled lizards
  A leopard gecko zombie (D:5)
  11 rats
128 creatures vanquished.

Notes
Turn   | Place    | Note
-------+----------+-------------------------------------------
     0 | D:1      | equalderp2856 the Felid Fighter began the quest for the Orb.
     0 | D:1      | Reached XP level 1. HP: 10/10 MP: 2/2
   546 | D:1      | Reached XP level 2. HP: 5/14 MP: 3/3
   870 | D:1      | Reached skill level 1 in Stealth
  1567 | D:1      | Reached XP level 3. HP: 11/17 MP: 4/4
  2166 | D:2      | Noticed Ijyb
  2177 | D:2      | Killed Ijyb
  2211 | D:2      | Reached XP level 4. HP: 21/21 MP: 5/5
  2442 | D:2      | Reached skill level 5 in Unarmed Combat
  2639 | D:3      | Found a radiant altar of Vehumet.
  2653 | D:3      | Found a shattered altar of Ashenzari.
  2979 | D:3      | Noticed an ice beast
  3238 | D:3      | Found a glowing silver altar of Zin.
  3481 | D:3      | Reached XP level 5. HP: 20/24 MP: 6/6
  4839 | D:4      | Noticed a phantom
  4847 | D:4      | Killed a phantom
  4919 | D:4      | Found a stormy altar of Qazlal.
  5151 | D:4      | Reached skill level 5 in Stealth
  5151 | D:4      | Gained mutation: You are covered in thick fur. (AC +2) [Felid growth]
  5151 | D:4      | Reached XP level 6. HP: 28/28 MP: 7/7
  5276 | D:4      | Found a glowing golden altar of the Shining One.
  5545 | D:4      | Reached skill level 6 in Unarmed Combat
  5703 | D:4      | Noticed Grinder
  7752 | D:3      | Killed an ice beast
  7752 | D:3      | Reached skill level 5 in Dodging
  8365 | D:4      | Killed Grinder
  8365 | D:4      | Reached skill level 7 in Unarmed Combat
  8365 | D:4      | Reached XP level 7. HP: 31/31 MP: 8/8
  8723 | D:5      | Entered Level 5 of the Dungeon
  9140 | D:5      | HP: 2/46 [poisoned by a worker ant]
  9148 | D:5      | HP: 1/46 [poisoned by a worker ant]
 10068 | D:5      | Found a staircase to the Ecumenical Temple.
 10185 | D:5      | Found Weit Fio's Jewellery Boutique.
 10733 | D:5      | Reached XP level 8. HP: 33/36 MP: 9/9
 10795 | D:6      | Found a snail-covered altar of Cheibriados.
 10820 | D:5      | Reached skill level 8 in Unarmed Combat
 11136 | D:5      | Slain by a centaur
 11137 | D:5      | Reached XP level 7. HP: -1/31 MP: 8/8
 11592 | D:6      | Found a sand-covered staircase.
 11598 | D:6      | Killed from afar by an orc priest
 11599 | D:6      | Reached XP level 6. HP: -3/28 MP: 7/7
 11635 | D:6      | Slain by an orc warrior

Skill      XL: |  1  2  3  4  5  6  7  8 |
---------------+-------------------------+-----
Stealth        | 1 2 3 5 6 |  6.7
Unarmed Combat | 5 7 8 |  8.6
Dodging        | 5 6 |  6.8
Fighting       | |  3.9

Action                   |  1- 3 |  4- 6 |  7- 9 || total
-------------------------+-------+-------+-------++-------
Melee: Unarmed           |    98 |   201 |   171 ||   470
       Bite              |     8 |    16 |    15 ||    39
       Punch             |       |     5 |     9 ||    14
  Use: Potion            |       |     6 |     1 ||     7
       Scroll            |       |       |     9 ||     9
 Stab: Sleeping          |     9 |    13 |     3 ||    25
       Distracted        |     1 |     2 |     2 ||     5
  Eat: Chunk             |     9 |    12 |     4 ||    25
Armor: Skin              |     1 |     6 |     4 ||    11
Dodge: Dodged            |    58 |   118 |   108 ||   284
